 Dungeon Crawl Stone Soup version 0.20.1-1-g8b1a95d (console) character file.

68865 bli the Protected (level 15, -12/121 HPs)
             Began as a Formicid Abyssal Knight on Aug 6, 2017.
             Was the Champion of Lugonu.
             Killed from afar by an orc sorcerer (35 damage)
             ... with a bolt of fire
             ... led by an orc warlord
             ... on level 2 of the Orcish Mines on Aug 8, 2017.
             The game lasted 02:57:04 (24250 turns).

bli the Protected (Formicid Abyssal Knight)        Turns: 24250, Time: 02:57:05

Health: -12/121    AC:  4    Str: 21    XL:     15   Next: 71%
Magic:  18/18      EV: 14    Int: 14    God:    Lugonu [******]
Gold:   2171       SH:  8    Dex: 12    Spells: 7/14 levels left

rFire    . . .     SeeInvis +   b - +3 great sword (freeze)
rCold    . . .     Gourm    .   S - +0 buckler
rNeg     . . .     Faith    .   (no armour)
rPois    +         Spirit   .   (helmet unavailable)
rElec    .         Reflect  .   A - +0 cloak "Suohang" {Slay+3}
rCorr    .         Harm     .   i - +1 pair of gloves
MR       +....                  (no boots)
Stlth    +++++.....             (no amulet)
Regen    0.3/turn               N - ring of poison resistance
MPRegen  0.2/turn               f - +1 ring of slaying

@: drained
A: permanent stasis, dig shafts and tunnels, four strong arms, antennae 3, large
bone plates 1, clever 1, mutation resistance 1, wild magic 1
a: Dig, Shaft Self, Depart the Abyss, Bend Space, Banish, Corrupt, Enter the
Abyss, Brand Weapon With Distortion, Renounce Religion


You were on level 2 of the Orcish Mines.
You worshipped Lugonu.
Lugonu was exalted by your worship.
You were not hungry.

You visited 7 branches of the dungeon, and saw 24 of its levels.
You visited the Abyss 2 times.

You collected 2171 gold pieces.

Inventory:

Hand Weapons
 a - the +10 dagger of a Billion Planets {pain, *Corrode rF+ rC+ Int+3}
   (You found it on level 6 of the Dungeon)

   In the hands of one skilled in necromantic magic, it inflicts extra damage on
   living creatures.
   It affects your intelligence (+3).
   It protects you from fire.
   It protects you from cold.
   It may corrode you when you take damage.
 b - a +3 great sword of freezing (weapon)
 c - a +0 dagger of distortion
 z - the cursed +1 glaive "Dyhiklil" {drain, rN+, unknown}
   (You took it off an orc on level 2 of the Orcish Mines)

   A truly terrible weapon, it drains the life of those it strikes.
   It protects you from negative energy.
   It has a curse placed upon it.
 Q - a +0 dagger of protection
Missiles
 p - 5 tomahawks of dispersal
 R - 13 tomahawks of returning
 X - 2 javelins (quivered)
Armour
 i - a +1 pair of gloves (worn)
 q - the +7 plate armour of Vaotiomor {Int+6 SInv}
   (You found it on level 5 of the Dungeon)

   It affects your intelligence (+6).
   It lets you see invisible.
 u - a +2 ring mail of cold resistance
 A - the +0 cloak "Suohang" (worn) {Slay+3}
   (You found it on level 9 of the Dungeon)

   It affects your accuracy and damage with ranged weapons and melee attacks
   (+3).
 S - a +0 buckler (worn)
 W - a +2 robe of resistance
Jewellery
 f - a +1 ring of slaying (right hand)
 s - an uncursed ring of ice
 G - an uncursed ring of fire
 N - a ring of poison resistance (left hand)
 P - an uncursed ring of flight
 T - an uncursed ring of positive energy
Wands
 d - a wand of clouds (1/9)
 r - a wand of acid (8/15)
 y - a wand of random effects (21/48)
 F - a wand of iceblast (6/15)
 J - a wand of lightning (1/15)
 U - a wand of flame (10/48)
Scrolls
 t - a scroll of fog
 B - 4 scrolls of magic mapping
 D - a scroll of vulnerability {unknown}
 E - 2 scrolls of fear
 H - a scroll of enchant armour
 K - 4 scrolls of recharging
 O - a scroll of immolation {unknown}
 Y - 2 scrolls of torment
Potions
 e - 2 potions of heal wounds
 g - 3 potions of ambrosia
 j - 5 potions of curing
 k - 2 potions of flight
 l - 2 potions of resistance
 n - 2 potions of haste {unknown}
 w - a potion of cancellation
 x - 2 potions of might
 M - 3 potions of brilliance
 V - a potion of lignification
 Z - 2 potions of agility
Books
 I - a book of Necromancy

   Spells                             Type                      Level
   a - Pain                           Necromancy                   1
   b - Animate Skeleton               Necromancy                   1
   c - Vampiric Draining              Necromancy                   3
   d - Regeneration                   Charms/Necromancy            3
   e - Animate Dead                   Necromancy                   4
   f - Control Undead                 Necromancy                   4
Miscellaneous
 h - a phial of floods
 o - a box of beasts
 C - a lamp of fire
Comestibles
 m - 10 meat rations
 v - 3 royal jellies
 L - a bread ration


   Skills:
 + Level 12.2(11.8) Fighting
 + Level 10.1(12.5) Short Blades
 + Level 13.4(14.1) Long Blades
 - Level 3.0(2.6) Throwing
 + Level 14.0(13.5) Armour
 + Level 5.0(4.6) Dodging
 * Level 12.1(11.7) Stealth
 - Level 2.4(2.0) Shields
 + Level 0.4(0.0) Spellcasting
 * Level 1.6(1.2) Necromancy
 * Level 4.1(3.7) Invocations
 + Level 1.8(1.4) Evocations


You had 7 spell levels left.
You knew the following spells:

 Your Spells              Type           Power        Failure   Level  Hunger
a - Animate Skeleton      Necr           N/A          26%         1    ##.....
C - Confuse               Hex            #.......     75%         3    ####...
T - Tukima's Dance        Hex            #.......     75%         3    ####...


Dungeon Overview and Level Annotations

Branches:
Dungeon (12/15)            Temple (1/1) D:4            Lair (6/6) D:10
 Shoals (1/4) Lair:3       Spider (1/4) Lair:4        Slime (1/5) Lair:6
    Orc (2/2) D:11            Elf (0/3) Orc:2

Altars:
Cheibriados
Kikubaaqudgha
Trog
Zin
The Shining One
Beogh

Shops:
D:8 (   Orc:2 :%


Innate Abilities, Weirdness & Mutations

You cannot be hasted, slowed, berserked, paralysed or teleported.
You can dig through walls and to a lower floor.
Your four strong arms can wield two-handed weapons with a shield.
You have a pair of large antennae on your head. (SInv)
You are partially covered in large bone plates. (SH +4)
Your mind is acute. (Int +2)
You are somewhat resistant to further mutation.
Your spells are a little harder to cast, but a little more powerful.


Message History

You continue putting on the +7 plate armour of Vaotiomor {Int+6 SInv}.
The orc sorcerer mumbles some strange words.
Your orc sorcerer skeleton closely misses the smoke demon.
The smoke demon gestures at you. The ball of steam hits you!
You continue putting on the +7 plate armour of Vaotiomor {Int+6 SInv}.
You are engulfed in a cloud of scalding steam.
* * * LOW HITPOINT WARNING * * *
The orc sorcerer hits your orc sorcerer skeleton but does no damage.
Your orc sorcerer skeleton hits the orc sorcerer but does no damage.
You block the smoke demon's attack. The smoke demon hits you.
* * * LOW HITPOINT WARNING * * *
The smoke demon hits you.
* * * LOW HITPOINT WARNING * * *
You continue putting on the +7 plate armour of Vaotiomor {Int+6 SInv}.
You are engulfed in a cloud of scalding steam.
* * * LOW HITPOINT WARNING * * *
The orc sorcerer casts a spell at you.
The bolt of fire hits the smoke demon.
The smoke demon resists.
The bolt of fire hits you!
You die...

........Z#..#.####....### ##...#.
####..)..#.))(####Z...# ##...#
#..#..⌠..#..#.Z{ZZZZ..## #####
').#..)..####Z######...########
#..#.....)....#### #Z....#..#.#
####.#####)####..# ##Z.......## #
.....#.).#....').# #Z##.....# ##
...#.#.).#..^.#..# #..#...### #.
.).#.##{##)...#######..##...####.
...#..oT{{.{..#.§.##..####..#ZZZZ
##'###)###'##.#[@.#.### ##..###)
#..)##.##...#{##3#### #### #.
#(..##)##(..#..oZ# ##
######{########### #
##...{{{{..#### .....8.8{......
...(..TZ{...... .##...o)o.##..
##.)..o....# # ..))[8.8.....#
...............


You could see a smoke demon, an orc sorcerer and a friendly orc sorcerer
skeleton.

Vanquished Creatures
  Kirke (Lair:3)
  A merfolk impaler (Shoals:1)
  A catoblepas (Lair:6)
  4 hydras
  4 two-headed ogres
  11 death yaks (Lair:6)
  2 orc high priests
  Sonja (Lair:4)
  A sea snake (Lair:3)
  3 unseen horrors
  Pikel (D:8)
  3 orc knights (Orc:2)
  A lindwurm (Lair:6)
  An ugly thing (D:10)
  A wolf spider (Spider:1)
  6 orc sorcerers
  A cyclops (D:12)
  2 manticores
  Maurice (D:8)
  Joseph (D:8)
  2 black mambas
  14 elephants
  A merfolk siren (Shoals:1)
  13 spiny frogs
  3 rime drakes
  3 komodo dragons
  2 polar bears
  7 trolls
  3 jumping spiders (Spider:1)
  16 blink frogs
  4 dream sheep (Lair:5)
  12 hippogriffs
  Sigmund (D:2)
  7 redbacks
  2 spriggans
  A tarantella (Lair:4)
  3 wyverns
  31 yaks
  A vampire (D:11)
  A wraith (D:11)
  2 basilisks
  A hungry ghost (D:12)
  A steam dragon (D:11)
  3 wargs
  Edmund (D:4)
  2 soldier ants (D:11)
  11 water moccasins
  Duvessa (D:5)
  15 porcupines
  2 sky beasts
  39 orc warriors
  2 ice beasts
  A slave (D:8)
  3 phantoms
  5 black bears
  16 wolves
  19 ogres
  The ghost of bli the Skirmisher, an amateur FoAK of Lugonu (D:3)
  2 centaurs
  16 crocodiles
  A big kobold (D:10)
  11 bullfrogs
  A water moccasin skeleton (D:3)
  Dowan (D:5)
  A scorpion (D:4)
  10 killer bees
  4 wights (D:8)
  An electric eel (Lair:1)
  4 howler monkeys
  2 crimson imps
  2 bullfrog zombies
  A centaur zombie (D:9)
  7 hounds
  21 orc priests
  22 orc wizards
  2 centaur skeletons
  An iguana (D:5)
  Jessica (D:2)
  4 bullfrog skeletons
  5 worker ants
  A hound zombie (D:10)
  A worker ant zombie (D:9)
  3 gnolls (D:8)
  4 adders
  5 shadow imps
  An ooze (D:1)
  4 worms
  A dart slug (D:1)
  4 leopard geckos
  106 orcs
  2 ball pythons
  10 giant cockroaches
  7 goblins
  11 hobgoblins
  8 jackals
  5 quokkas
  5 bats
  5 frilled lizards
  15 kobolds
  3 leopard gecko skeletons (D:4)
  A leopard gecko zombie (D:5)
  2 quokka skeletons (D:4)
  2 quokka zombies
  3 rats
  A plant (Lair:5)
629 creatures vanquished.

Vanquished Creatures (collateral kills)
  An orc priest (Orc:2)
  An orc wizard (Orc:2)
2 creatures vanquished.

Vanquished Creatures (others)
  2 humans (Shoals:1)
  An adder (D:8)
  An orc (D:8)
  A bush (Lair:6)
  18 fungi
  22 plants
45 creatures vanquished.

Grand Total: 676 creatures vanquished

Notes
Turn   | Place    | Note
-------+----------+-------------------------------------------
     0 | Abyss:1  | bli the Formicid Abyssal Knight began the quest for the Orb.
     0 | Abyss:1  | Reached XP level 1. HP: 18/18 MP: 2/2
    30 | Abyss:1  | Noticed a large abomination
    36 | Abyss:1  | Noticed a thrashing horror
    40 | D:1      | Escaped the Abyss
   471 | D:1      | Reached XP level 2. HP: 21/25 MP: 3/3
   697 | D:1      | Reached * piety under Lugonu
   925 | D:1      | Reached XP level 3. HP: 30/30 MP: 4/4
  1045 | D:1      | Reached skill level 1 in Dodging
  1497 | D:2      | Noticed Jessica
  1511 | D:2      | Killed Jessica
  1511 | D:2      | Reached XP level 4. HP: 34/37 MP: 5/5
  2293 | D:2      | Noticed Sigmund
  2327 | D:2      | Gained mutation: Your mind is acute. (Int +2) [potion of mutation]
  2327 | D:2      | Gained mutation: You are partially covered in large bone plates. (SH +4) [potion of mutation]
  2327 | D:2      | Gained mutation: You are somewhat resistant to further mutation. [potion of mutation]
  2327 | D:2      | Gained mutation: Your spells are a little harder to cast, but a little more powerful. [potion of mutation]
  2338 | D:2      | Killed Sigmund
  2338 | D:2      | Reached skill level 5 in Fighting
  2338 | D:2      | Reached XP level 5. HP: 26/44 MP: 6/6
  2338 | D:2      | Reached XP level 6. HP: 30/51 MP: 7/7
  3102 | D:3      | Found a bloodstained altar of Trog.
  3102 | D:3      | Noticed bli's ghost (amateur FoAK)
  3113 | D:3      | Killed bli's ghost
  3113 | D:3      | Reached skill level 5 in Long Blades
  3113 | D:3      | Reached XP level 7. HP: 48/56 MP: 8/8
  3194 | D:4      | You fall through a shaft!
  3194 | D:5      | Entered Level 5 of the Dungeon
  3333 | D:4      | Reached skill level 1 in Shields
  3404 | D:4      | Noticed Edmund
  3459 | D:4      | Killed Edmund
  3459 | D:4      | Reached skill level 1 in Stealth
  3459 | D:4      | Reached XP level 8. HP: 39/64 MP: 9/9
  3662 | D:4      | Reached ** piety under Lugonu
  3800 | D:4      | Reached skill level 3 in Armour
  4309 | D:4      | Found a staircase to the Ecumenical Temple.
  4315 | Temple   | Entered the Ecumenical Temple
  4854 | D:5      | Got a brightly glowing plate armour
  4959 | D:6      | Got a faintly glowing dagger
  4968 | D:6      | Identified the +10 dagger of a Billion Planets {pain, *Corrode rF+ rC+ Int+3} (You found it on level 6 of the Dungeon)
  4979 | D:6      | Identified the +7 plate armour of Vaotiomor {Int+6 SInv} (You found it on level 5 of the Dungeon)
  5753 | D:6      | Noticed Duvessa
  5753 | D:6      | Noticed Dowan
  5764 | D:5      | Reached XP level 9. HP: 71/71 MP: 10/10
  5885 | D:6      | Reached skill level 1 in Short Blades
  5892 | D:6      | Reached skill level 4 in Armour
  5975 | D:5      | Killed Dowan
  5987 | D:5      | Killed Duvessa
  6373 | D:7      | Reached skill level 5 in Armour
  6548 | D:7      | Noticed a hippogriff
  6558 | D:7      | Killed a hippogriff
  6780 | D:7      | Reached *** piety under Lugonu
  6927 | D:8      | Noticed a hippogriff
  6943 | D:8      | Killed a hippogriff
  6943 | D:8      | Reached skill level 6 in Armour
  6943 | D:8      | Reached XP level 10. HP: 76/79 MP: 11/11
  7035 | D:8      | Reached skill level 5 in Short Blades
  7125 | D:8      | Found Zousyffi's Antique Weapon Emporium.
  7186 | D:8      | Noticed Pikel
  7207 | D:8      | Killed Pikel
  7232 | D:8      | Noticed Maurice
  7275 | D:8      | Killed Maurice
  7275 | D:8      | Reached skill level 1 in Throwing
  7287 | D:8      | Noticed Joseph
  7320 | D:8      | Killed Joseph
  7320 | D:8      | Reached skill level 7 in Armour
  7335 | D:8      | Reached skill level 5 in Stealth
  7983 | D:9      | Noticed an unseen horror
  8005 | D:9      | Killed an unseen horror
  8039 | D:9      | Got a crude cloak
  8055 | D:9      | Identified the +0 cloak "Suohang" {Slay+3} (You found it on level 9 of the Dungeon)
  8354 | D:10     | Entered Level 10 of the Dungeon
  8388 | D:10     | Noticed a white ugly thing
  8403 | D:10     | Killed a white ugly thing
  8403 | D:10     | Reached XP level 11. HP: 59/86 MP: 12/12
  8486 | D:10     | Noticed an unseen horror
  8500 | D:10     | Killed an unseen horror
  8510 | D:10     | Noticed a two-headed ogre
  8521 | D:10     | Killed a two-headed ogre
  8691 | D:10     | Reached skill level 8 in Armour
  8701 | D:10     | Noticed an unseen horror
  8721 | D:10     | Killed an unseen horror
  8735 | D:10     | Reached **** piety under Lugonu
  8750 | D:10     | Reached skill level 1 in Evocations
  8777 | D:10     | Found a staircase to the Lair.
  9131 | D:10     | Found a glowing silver altar of Zin.
  9215 | D:10     | Noticed a two-headed ogre
  9233 | D:10     | Killed a two-headed ogre
  9297 | Lair:1   | Entered Level 1 of the Lair of Beasts
  9360 | Lair:1   | Reached skill level 9 in Armour
  9439 | Lair:1   | Reached XP level 12. HP: 95/95 MP: 13/13
 10460 | Lair:2   | Noticed a seven-headed hydra
 10470 | Lair:2   | Killed a seven-headed hydra
 10470 | Lair:2   | Reached skill level 10 in Armour
 10749 | Lair:2   | Noticed a six-headed hydra
 10757 | Lair:2   | Killed a six-headed hydra
 11217 | Lair:3   | Reached ***** piety under Lugonu
 11625 | Lair:3   | Found a staircase to the Shoals.
 11993 | Lair:3   | Reached skill level 11 in Armour
 11993 | Lair:3   | Reached XP level 13. HP: 79/102 MP: 14/14
 12276 | Lair:4   | Noticed Sonja
 12281 | Lair:4   | Cast into level 2 of the Abyss (Sonja)
 12342 | Abyss:2  | Noticed a starcursed mass
 12346 | Lair:4   | Escaped the Abyss
 12349 | Lair:4   | Killed Sonja
 12670 | Lair:4   | Reached skill level 10 in Short Blades
 12994 | Lair:4   | Found a hole to the Spider Nest.
 13082 | Lair:4   | Reached skill level 10 in Fighting
 13106 | Lair:4   | Reached skill level 12 in Armour
 13127 | Lair:4   | Reached skill level 10 in Long Blades
 14100 | Lair:1   | You fall through a shaft!
 14103 | Lair:2   | You fall through a shaft!
 14106 | Lair:3   | You fall through a shaft for 2 floors!
 14303 | Lair:5   | Reached skill level 10 in Stealth
 14842 | Lair:5   | Noticed a four-headed hydra
 14854 | Lair:5   | Killed a four-headed hydra
 14854 | Lair:5   | Reached XP level 14. HP: 55/111 MP: 15/15
 15225 | Lair:6   | Entered Level 6 of the Lair of Beasts
 15592 | Lair:6   | Reached skill level 13 in Armour
 15990 | Lair:6   | Found a staircase to the Slime Pits.
 16313 | Slime:1  | Entered Level 1 of the Pits of Slime
 17785 | Spider:1 | Entered Level 1 of the Spider Nest
 17984 | Spider:1 | Noticed an entropy weaver
 18307 | Shoals:1 | Entered Level 1 of the Shoals
 18309 | Shoals:1 | Noticed Kirke
 18319 | Lair:3   | Killed Kirke
 18481 | Shoals:1 | Reached XP level 15. HP: 29/119 MP: 16/16
 18589 | Lair:1   | Learned a level 3 spell: Confuse
 18594 | Lair:1   | Learned a level 3 spell: Tukima's Dance
 18877 | D:11     | Reached ****** piety under Lugonu
 19318 | D:11     | Found a staircase to the Orcish Mines.
 19450 | Orc:1    | Entered Level 1 of the Orcish Mines
 21550 | Orc:2    | Entered Level 2 of the Orcish Mines
 22584 | Orc:2    | Reached skill level 14 in Armour
 22652 | Orc:2    | Learned a level 1 spell: Animate Skeleton
 22917 | Orc:2    | Found Noxof's Food Shoppe.
 22951 | Orc:2    | Reached skill level 1 in Necromancy
 23230 | Orc:2    | Found Yhisuj Rui's Book Emporium.
 23253 | Orc:2    | Found a roughly hewn altar of Beogh.
 23594 | Orc:2    | Noticed an orc warlord
 24017 | Orc:2    | Found a staircase to the Elven Halls.
 24095 | Orc:2    | Reached skill level 5 in Dodging
 24148 | Orc:2    | Got an ancient glaive {drain}
 24250 | Orc:2    | Killed from afar by an orc sorcerer

Skill      XL: |  1  2  3  4  5  6  7  8  9 10 11 12 13 14 15 |
---------------+----------------------------------------------+-----
Fighting       | 4 5 6 7 8 9 10 11 12 | 12.2
Dodging        | 1 2 3 4 5 |  5.0
Long Blades    | 3 4 5 6 7 8 9 10 12 13 | 13.4
Shields        | 1 2 |  2.4
Stealth        | 1 3 5 6 8 10 11 12 | 12.1
Armour         | 3 6 7 9 11 12 13 14 | 14.0
Short Blades   | 4 7 9 10 | 10.1
Throwing       | 1 2 3 |  3.0
Evocations     | 1 |  1.8
Invocations    | 4 |  4.1
Necromancy     | 1 |  1.6
Spellcasting   | |  0.4

Action                   |  1- 3 |  4- 6 |  7- 9 | 10-12 | 13-15 || total
-------------------------+-------+-------+-------+-------+-------++-------
Melee: Falchion          |    74 |   143 |   255 |       |       ||   472
       Dagger            |       |       |   179 |   483 |   495 ||  1157
       Great sword       |       |       |       |   115 |   806 ||   921
Throw: Javelin           |       |    10 |    14 |    25 |    31 ||    80
       Stone             |       |     8 |       |     7 |       ||    15
       Tomahawk          |       |       |       |       |    35 ||    35
 Cast: Animate Skeleton  |       |       |       |       |    10 ||    10
Invok: Depart the Abyss  |     1 |       |       |       |     1 ||     2
       Bend Space        |       |       |       |       |     3 ||     3
 Abil: Dig               |     1 |     1 |     3 |     3 |     6 ||    14
       Shaft Self        |       |       |       |       |     3 ||     3
Evoke: Wand              |       |       |       |     8 |    13 ||    21
       Lamp of fire      |       |       |       |       |     1 ||     1
  Use: Scroll            |     2 |       |     1 |    11 |    17 ||    31
       Potion            |       |     4 |     1 |       |     3 ||     8
 Stab: Confused          |       |       |       |       |     2 ||     2
       Sleeping          |       |       |       |       |    11 ||    11
       Distracted        |       |       |       |       |     5 ||     5
  Eat: Chunk             |     2 |     5 |    13 |    17 |    42 ||    79
       Meat ration       |       |       |       |       |     1 ||     1
Armor: Leather armour    |    36 |    35 |    14 |       |    21 ||   106
       Scale mail        |       |       |    42 |       |       ||    42
       Plate armour      |       |       |    80 |   229 |   470 ||   779
       Ring mail         |       |       |       |       |    50 ||    50
       Steam dragon scal |       |       |       |       |    20 ||    20
       Robe              |       |       |       |       |     1 ||     1
Dodge: Dodged            |    51 |    68 |   131 |   131 |   443 ||   824
Block: Other             |       |     2 |       |       |       ||     2
       Buckler           |       |     8 |   144 |   156 |   451 ||   759
       Rpst.: Falchion   |    20 |    22 |    33 |       |       ||    75
       Great sword       |       |       |       |    16 |    78 ||    94
